Map: New Repugnancy LE

Players

Cham

  • Race: Zerg Zerg
  • League: Master
  • Spawn Location: 1:00

Astrea - Winner!

  • Race: Protoss Protoss
  • League: Grandmaster
  • Spawn Location: 7:00

Event: 2019 WCS Winter Americas

VOD

Have the link to the VOD?

Description

Time

  • Played on: April 6, 2019, 11:21 a.m.
  • Length: 11:01

All games in this series

Show
View Real Time Build Order
Export as new Build Order

Cham Zerg 

Build Orders: Hatch First 

Get SALT Encoding   

  12  0:00  Drone  
  13  0:07  Drone  
  14  0:18  Overlord  
  14  0:36  Drone x2  
  16  0:47  Hatchery  
  15  0:51  Drone  
  15  0:55  Drone  
  17  1:01  Drone  
  18  1:09  Extractor  
  17  1:15  Spawning Pool  
  17  1:17  Drone  
  17  1:20  Drone  
  18  1:32  Drone  
  19  1:48  Overlord  
  19  1:52  Drone  
  20  1:59  Drone  
  21  2:02  Queen x2  
  21  2:04  Zergling x2  
  26  2:09  Metabolic Boost  
  26  2:11  Zergling x2  
  26  2:14  Drone  
  28  2:21  Drone  
  29  2:23  Drone  
  30  2:37  Hatchery  
  30  2:39  Drone  
  30  2:40  Drone  
  31  2:46  Queen  
  33  2:53  Overlord  
  33  2:57  Zergling x4  
  35  3:02  Drone  
  36  3:07  Overlord  
  36  3:12  Drone x3  
  39  3:13  Drone x2  
  39  3:15  Drone  
  39  3:16  Drone  
  43  3:20  Drone  
  44  3:29  Spore Crawler, Drone  
  44  3:32  Queen  
  46  3:40  Overlord  
  46  3:42  Overlord  
  46  3:48  Queen  
  46  3:51  Drone x2  
  50  3:59  Drone x7  
  50  4:01  Drone  
  58  4:10  Drone  
  58  4:11  Drone x2  
  58  4:13  Drone  
  58  4:14  Drone x2  
  64  4:19  Lair, Roach Warren  
  64  4:21  Drone  
  65  4:31  Drone x2  
  65  4:33  Overlord x2  
  65  4:34  Overlord  
  65  4:42  Extractor x2  
  65  4:44  Extractor, Drone x2  
  64  4:48  Zergling x4  
  64  4:49  Overlord  
  66  4:53  Zergling x6  
  66  4:54  Drone x3  
  72  5:04  Drone x6  
  74  5:10  Drone  
  72  5:17  Drone x5  
  72  5:20  Glial Reconstitution  
  72  5:21  Overlord x2  
  77  5:26  Roach x2  
  80  5:30  Overlord  
  80  5:31  Roach x2  
  80  5:34  Overlord  
  80  5:35  Roach x2  
  87  5:44  Roach x4  
  87  5:45  Roach  
  87  5:46  Overlord  
  97  5:51  Overlord  
  97  5:59  Roach  
  97  6:00  Roach x4  
  97  6:03  Overlord  
  107  6:11  Roach x4  
  110  6:15  Roach  
  112  6:23  Zergling x10  
  110  6:27  Nydus Network  
  110  6:28  Zergling x4  
  106  6:36  Zergling x2  
  106  6:38  Roach  
  109  6:43  Roach  
  109  6:46  Roach  
  113  6:48  Roach x3  
  113  6:51  Ravager  
  113  6:52  Ravager x2, Roach x2  
  126  6:57  Roach  
  126  6:59  Roach  
  130  7:02  Roach  
  130  7:05  Nydus Canal  
  127  7:13  Roach x2  
  127  7:14  Roach x2  
  115  7:24  Ravager  
  115  7:29  Drone x2  
  108  7:30  Drone x4  
  108  7:35  Drone x2  
  108  7:36  Drone  
  104  7:49  Drone  
  97  7:51  Drone  
  97  7:53  Ravager  
  93  7:58  Drone  
  93  7:59  Drone x2  
  93  8:00  Drone x2  
  92  8:09  Drone x3  
  93  8:17  Roach x2  
  93  8:19  Roach x2  
  95  8:28  Drone x3  
  95  8:29  Drone  
  95  8:36  Roach  
  95  8:37  Drone x2  
  93  8:47  Roach x2  
  91  8:54  Drone  
  91  8:55  Drone  
  91  8:58  Queen x2  
  91  9:00  Drone x2  
  91  9:01  Drone x2  
  92  9:04  Roach  
  92  9:05  Roach  
  92  9:09  Roach x3  
  102  9:16  Roach x3  
  108  9:24  Roach  
  110  9:26  Roach x2  
  110  9:29  Spine Crawler x2  
  110  9:30  Roach  
  110  9:31  Roach x2  
  118  9:35  Roach x2  
  118  9:37  Roach x2  
  126  9:41  Roach  
  126  9:42  Roach  
  130  9:50  Roach x2  
  130  9:51  Roach  
  117  10:05  Zergling x12  
  80  10:18  Zergling x10  
Show
View Real Time Build Order
Export as new Build Order

Astrea Protoss - Winner!

Build Orders: 1 Gate Expand, Oracle Opening, Chargelot Immortal 

Get SALT Encoding   

  12  0:00  Probe  
  13  0:12  Probe  
  14  0:20  Pylon  
  14  0:24  Probe  
  15  0:34  Probe  
  15  0:42  Probe  
  16  0:43  Gateway  
  17  0:52  Probe  
  17  0:53  Assimilator  
  18  1:04  Probe  
  19  1:16  Probe  
  20  1:25  Nexus  
  20  1:28  Probe  
  21  1:38  Cybernetics Core  
  21  1:41  Probe  
  21  1:46  Assimilator  
  22  1:52  Pylon  
  22  1:56  Probe  
  23  2:05  Adept  
  23  2:10  Probe  
  23  2:15  Warp Gate  
  27  2:22  Probe  
  27  2:28  Stargate  
  27  2:34  Probe  
  28  2:38  Stalker  
  28  2:39  Probe  
  28  2:43  Probe  
  31  2:47  Probe  
  31  2:51  Probe  
  33  2:55  Probe  
  34  3:01  Oracle, Probe  
  36  3:07  Probe  
  40  3:13  Probe  
  40  3:15  Pylon  
  40  3:19  Probe  
  42  3:26  Probe  
  43  3:29  Oracle  
  43  3:31  Probe  
  44  3:38  Probe  
  48  3:43  Probe  
  48  3:44  Assimilator  
  48  3:45  Pylon  
  48  3:47  Assimilator  
  49  3:50  Robotics Facility  
  49  3:51  Probe  
  50  3:55  Probe  
  50  3:56  Pylon  
  51  4:03  Probe  
  51  4:08  Probe  
  53  4:14  Gateway  
  53  4:15  Gateway  
  53  4:16  Oracle, Probe  
  57  4:20  Probe  
  57  4:23  Adept  
  60  4:28  Probe  
  61  4:32  Probe, Warp Prism  
  61  4:33  Pylon  
  64  4:40  Probe  
  64  4:41  Pylon  
  64  4:43  Sentry  
  67  5:01  Oracle  
  67  5:03  Immortal  
  67  5:10  Probe x2  
  67  5:13  Pylon  
  72  5:18  Forge  
  72  5:35  Zealot x3  
  78  5:37  Twilight Council  
  78  5:40  Gateway x2  
  78  5:41  Gateway  
  78  5:43  Gateway  
  78  5:44  Immortal  
  78  5:45  Gateway  
  78  5:47  Pylon  
  82  5:58  Pylon  
  82  6:09  Protoss Ground Weapons Level 1  
  82  6:13  Immortal  
  86  6:31  Charge  
  80  6:33  Zealot x3  
  80  6:37  Adept x2  
  80  6:38  Zealot x2  
  94  6:41  Templar Archives  
  94  6:44  Pylon  
  94  6:46  Pylon  
  94  6:54  Zealot, Immortal  
  94  6:55  Zealot x3  
  104  7:11  Zealot x4  
  92  7:19  Sentry x4  
  88  7:26  Photon Cannon  
  88  7:27  Photon Cannon  
  88  7:36  Pylon  
  86  7:37  Pylon, Shield Battery  
  86  7:38  Pylon  
  78  7:44  Sentry x2  
  78  7:47  Cybernetics Core  
  78  7:49  Pylon  
  72  7:59  Zealot x3  
  71  8:09  Zealot x3  
  71  8:10  Immortal  
  74  8:24  Sentry x2  
  82  8:33  Adept x2  
  82  8:51  Immortal  
  82  8:53  Adept x2  
  82  8:58  Zealot x3, High Templar x2  
  92  9:05  Archon  
  92  9:21  Assimilator  
  92  9:24  Observer  
  92  9:29  Zealot x5  
  103  9:47  Zealot x2  
  101  9:53  Zealot x4  
  103  10:10  Zealot x3  
  99  10:16  Zealot x4  
Tags
 
Add a new tag
Caveats
  • Supply blocks, unpowered buildings, or Contaminate may cause inaccurate times.
  • Supply counts are checked every 10 seconds.